 Dungeon Crawl Stone Soup version 0.29.1-4-g47bece8355 (webtiles) character file.

Game seed: 9742322991962318757

256 GigaChad the Covered (level 5, 0/47 HPs)
             Began as a Minotaur Fighter on Dec 1, 2022.
             Was an Initiate of Hepliaklqana.
             Slain by an iguana (8 damage)
             ... on level 5 of the Dungeon.
             The game lasted 00:06:16 (3275 turns).

GigaChad the Covered (Minotaur Fighter)             Turns: 3275, Time: 00:06:17

Health: 0/47       AC:  8    Str: 23    XL:     5   Next: 92%
Magic:  4/4        EV:  9    Int:  5    God:    Hepliaklqana [......]
Gold:   194        SH:  6    Dex:  9    Spells: 4/4 levels left

rFire   . . .      SeeInvis .   a - +0 war axe
rCold   . . .      Faith    .   r - +2 buckler
rNeg    . . .      Spirit   .   b - +0 scale mail
rPois   .          Reflect  .   (helmet restricted)
rElec   .          Harm     .   h - +0 cloak
rCorr   .          Rampage  .   (no gloves)
Will    .....                   (no boots)
Stlth   ..........              (no amulet)
HPRegen 0.15/turn               (no ring)
MPRegen 0.09/turn               (no ring)

@: no status effects
A: horns 2, retaliatory headbutt
a: Renounce Religion


You were on level 5 of the Dungeon.
You worshipped Hepliaklqana.
Hepliaklqana was noncommittal.
You visited 2 branches of the dungeon, and saw 6 of its levels.

You collected 194 gold pieces.

Inventory:

Hand Weapons
 a - a +0 war axe (weapon)
Armour
 b - a +0 scale mail (worn)
 c - a +0 buckler
 h - a +0 cloak (worn)
 r - a +2 buckler (worn)
 u - an orb of wrath
Wands
 s - a wand of iceblast (12)
Scrolls
 e - a scroll of enchant armour {unknown}
 f - a scroll of magic mapping {unknown}
 i - a scroll of amnesia
 l - a scroll of summoning {unknown}
 o - a scroll of brand weapon {unknown}
 p - 5 scrolls of teleportation {unknown}
 q - 3 scrolls of identify
 t - a scroll of vulnerability {unknown}
Potions
 d - 3 potions of might
 g - 3 potions of brilliance {unknown}
 j - a potion of resistance {unknown}
 k - 3 potions of invisibility {unknown}
 m - a potion of ambrosia {unknown}
 n - a potion of mutation {unknown}


   Skills:
 + Level 4.5 Fighting
 + Level 4.7 Axes
 + Level 5.3 Armour
 + Level 4.8 Shields


You had 4 spell levels left.
You didn't know any spells.
Your spell library contained the following spells:

 Spells                   Type           Power      Damage    Failure   Level
 Sandblast                Erth           0%         2d4       86%         1
 Passwall                 Tmut/Erth      0%         N/A       94%         2
 Ozocubu's Armour         Ice            0%         N/A       99%         3
 Stone Arrow              Conj/Erth      0%         3d7       99%         3
 Alistair's Intoxication  Tmut/Pois      0%         N/A       100%        5
 Borgnjor's Vile Clutch   Necr/Erth      0%         N/A       100%        5
 Metabolic Englaciation   Hex/Ice        0%         N/A       100%        5
 Eringya's Noxious Bog    Tmut/Pois      0%         N/A       100%        6
 Simulacrum               Ice/Necr       0%         N/A       100%        6


Dungeon Overview and Level Annotations

Branches:
Dungeon (5/15)             Temple (1/1) D:4

Altars:
Cheibriados
Dithmenos
Elyvilon
Hepliaklqana
Kikubaaqudgha
Makhleb
Okawaru
Ru
Sif Muna
Trog
Vehumet
Wu Jian
Xom
Yredelemnul
Zin
The Shining One

Shops:
D:2 ?


Innate Abilities, Weirdness & Mutations

You have a pair of horns on your head.
You reflexively headbutt those who attack you in melee.


Message History

The dart slug launches a dart at you. The slug dart misses you.
An iguana comes into view.
The iguana hisses angrily.
The dart slug launches a dart at you. The slug dart hits you.
You hit the dart slug but do no damage. You headbutt the dart slug!
You kill the dart slug!
You hit the dart slug. You slash the dart slug!
You kill the dart slug!
The dart slug launches a dart at you. You block the slug dart.
The dart slug launches a dart at you. The slug dart hits you.
The dart slug launches a dart at you. The slug dart misses you.
You hit the dart slug.
The dart slug is almost dead.
The dart slug bites you but does no damage.
You hit the dart slug.
You kill the dart slug!
An iguana comes into view.
You enter the shallow water.
Moving in this stuff is going to be slow.
A dart slug comes into view.
You block the iguana's attack. The dart slug launches a dart at you.
The slug dart hits you but does no damage.
You block the iguana's attack.
You see here 5 stones.
You closely miss the iguana. Your headbutt misses the iguana.
The iguana bites you!
* * * LOW HITPOINT WARNING * * *
The dart slug launches a dart at you. The slug dart hits you.
* * * LOW HITPOINT WARNING * * *
The iguana closely misses you.
You hit the iguana but do no damage. Your headbutt misses the iguana.
The iguana bites you!
You die...

# ..#~~.~~ #.
##.≈~w~≈≈w.#
#.###≈≈~~≈≈#≈≈≈~.
..#≈≈≈#w~~#≈≈#w~.
# #.≈≈≈≈≈≈~~≈≈≈≈≈.
#.#≈~~~≈≈≈≈~≈≈≈≈≈≈
#.~≈≈l)~≈~~~~#~~#≈
#.~≈~@~≈l.?.~...~~
#..≈~.....<.<...≈~
##≈~≈.†#~<[!~≈.~~≈
#≈≈~≈~≈≈~~≈≈#≈≈≈~
##~≈≈≈≈≈~≈~≈# ~#
#.≈≈≈≈≈w#≈≈≈≈
#.#≈≈≈≈≈~~~≈≈#≈≈
#.##w≈#≈≈~~≈~≈## #
..#5~≈≈≈~~~.#


You could see 2 iguanas and 4 dart slugs.

Vanquished Creatures
  A black bear (D:4)
  A gnoll (D:3)
  5 adders
  7 dart slugs
  2 orcs
  8 ball pythons
  5 bats
  10 endoplasms
  5 giant cockroaches
  12 goblins
  11 hobgoblins
  6 quokkas
  5 frilled lizards
  2 kobolds
  5 rats
85 creatures vanquished.

Notes
Turn   | Place    | Note
-------+----------+-------------------------------------------
     0 | D:1      | GigaChad the Minotaur Fighter began the quest for the Orb.
     0 | D:1      | Reached XP level 1. HP: 19/19 MP: 0/0
   123 | D:1      | Reached XP level 2. HP: 25/27 MP: 1/1
   152 | D:1      | Reached skill level 4 in Armour
   686 | D:1      | Reached XP level 3. HP: 33/33 MP: 2/2
   873 | D:2      | Found Eshruge's Magic Scroll Shoppe.
  1223 | D:2      | Found a faded altar of an unknown god.
  1670 | D:3      | Reached XP level 4. HP: 32/40 MP: 3/3
  1967 | D:3      | Found a glowing silver altar of Zin.
  1967 | D:3      | Found a glowing golden altar of the Shining One.
  2205 | D:3      | Found a radiant altar of Vehumet.
  2562 | D:4      | Found a staircase to the Ecumenical Temple.
  2606 | Temple   | Entered the Ecumenical Temple
  2681 | Temple   | Became a worshipper of Hepliaklqana the Forgotten
  2787 | D:4      | Noticed a black bear
  2795 | D:4      | Killed a black bear
  2796 | D:4      | Reached skill level 5 in Armour
  2796 | D:4      | Reached XP level 5. HP: 32/47 MP: 4/4
  3258 | D:5      | Entered Level 5 of the Dungeon
  3275 | D:5      | Slain by an iguana

Illustrated notes

Levels and vault maps discovered:
D:1:      erik_arrival_orb_chamber, layout_loops_ring, minmay_misc_feat_columns,
          kennysheep_small_spiral
D:2:      layout_rooms, serial_shops, shop, shapermc_ecumenical_altar_notcrosses
D:3:      layout_loops_corners, mainiacjoe_overflow_alcove_1,
          nicolae_overflow_two_pavilions, minmay_quadrilaterals
D:4:      nicolae_cairo_tiling, layout_cave_pools, temple_fountains, st_stairs_6
D:5:      kennysheep_slugbush, layout_basic,
          mainiacjoe_overflow_small_starburst, serial_shops,
          nicolae_shop_statue_plus, uniq_grinder, uniq_menkaure
Temple:   compressed_dpeg_triangle_lava_temple

Skill      XL: |  1  2  3  4 |
---------------+-------------+-----
Armour         | 4 5 |  5.3
Shields        | 4 |  4.8
Fighting       | 4 |  4.5
Axes           | 3 4 |  4.7

Action                   |  1- 3 |  4- 6 || total
-------------------------+-------+-------++-------
Melee: War axe           |    95 |    77 ||   172
       Headbutt          |    14 |     7 ||    21
  Use: Scroll            |     1 |       ||     1
Armor: Scale mail        |    54 |    48 ||   102
Dodge: Dodged            |    37 |    47 ||    84
Block: Buckler           |    14 |    42 ||    56
